 Dungeon Crawl Stone Soup version 0.28.0-43-g3370ac3207 (webtiles) character file.

Game seed: 17518278995106207285

1866 Ablot the Magician (level 9, -5/69 HPs)
             Began as a Gnoll Warper on Feb 27, 2022.
             Killed by divine providence
             ... invoked by an orc priest
              (12 damage)
             ... on level 7 of the Dungeon.
             The game lasted 00:16:39 (8762 turns).

Ablot the Magician (Gnoll Warper)                   Turns: 8762, Time: 00:16:40

Health: -5/69      AC:  4    Str: 14    XL:     9   Next: 13%
Magic:  18/18      EV: 14    Int: 12    God:
Gold:   255        SH:  5    Dex: 13    Spells: 17/20 levels left

rFire   . . .      SeeInvis .   D - +5 short sword of the Gloaming {freeze, rPois}
rCold   . . .      Faith    .   (no shield)
rNeg    . . .      Spirit   .   z - +2 robe {Will+}
rPois   +          Reflect  +   (no helmet)
rElec   .          Harm     .   (no cloak)
rCorr   .          Rampage  .   (no gloves)
Will    +....                   (no boots)
Stlth   ++........              A - amulet of reflection
HPRegen 0.21/turn               (no ring)
MPRegen 0.16/turn               (no ring)

@: no status effects
A: fangs 1, strong nose, distributed training
a: no special abilities


You were on level 7 of the Dungeon.
You visited 1 branch of the dungeon, and saw 7 of its levels.
You also visited: Sewer.

You collected 325 gold pieces.
You spent 70 gold pieces at shops.

Inventory:

Hand Weapons
 a - a +0 trident
 h - the +7 hunting sling of Xipir {vorpal, rPois Will++ Str+3}
   (You found it on level 2 of the Dungeon)

   Any ammunition fired from it inflicts extra damage upon your enemies.
   Str:       It affects your strength (+3).
   rPois:     It protects you from poison.
   Will:      It greatly increases your willpower.
 D - the +5 short sword of the Gloaming (weapon) {freeze, rPois}
   (You found it on level 6 of the Dungeon)

   It freezes those it strikes, dealing additional cold damage.
   It can also slow down cold-blooded creatures.
   rPois:     It protects you from poison.
Missiles
 b - 6 curare-tipped darts
 d - 5 boomerangs of dispersal
 e - 49 bolts
 f - 9 boomerangs (quivered)
 g - 111 stones
 j - 68 arrows
 p - 43 sling bullets
Armour
 z - a +2 robe of willpower (worn)
 B - a +1 leather armour of poison resistance
Magical Staves
 w - a staff of death
Jewellery
 A - an amulet of reflection (around neck)
Wands
 y - a wand of flame (18)
Scrolls
 c - a scroll of blinking
 l - 4 scrolls of teleportation {unknown}
 n - a scroll of identify {unknown}
 s - a scroll of fog {unknown}
 t - a scroll of enchant weapon {unknown}
 u - a scroll of enchant armour {unknown}
 x - a scroll of noise {unknown}
 C - a scroll of amnesia {unknown}
Potions
 i - 2 potions of mutation {unknown}
 k - 3 potions of heal wounds
 m - 3 potions of degeneration {unknown}
 o - a potion of ambrosia {unknown}
 q - a potion of brilliance {unknown}
 r - 2 potions of haste {unknown}
 v - 2 potions of curing {unknown}


   Skills:
 + Level 6.1 Fighting
 + Level 3.9 Short Blades
 + Level 3.9 Long Blades
 + Level 3.9 Axes
 + Level 3.9 Maces & Flails
 + Level 6.1 Polearms
 + Level 3.9 Staves
 + Level 3.9 Slings
 + Level 3.9 Bows
 + Level 3.9 Crossbows
 + Level 4.8 Throwing
 + Level 4.8 Armour
 + Level 6.1 Dodging
 + Level 3.9 Stealth
 + Level 3.9 Shields
 + Level 3.9 Unarmed Combat
 + Level 6.4 Spellcasting
 + Level 3.2 Conjurations
 + Level 3.2 Hexes
 + Level 3.2 Summonings
 + Level 3.2 Necromancy
 + Level 6.4 Translocations
 + Level 3.2 Transmutations
 + Level 3.2 Fire Magic
 + Level 3.2 Ice Magic
 + Level 3.2 Air Magic
 + Level 3.2 Earth Magic
 + Level 3.2 Poison Magic
 + Level 4.3 Invocations
 + Level 3.9 Evocations


You had 17 spell levels left.
You knew the following spells:

 Your Spells              Type           Power      Damage    Failure   Level
a - Blink                 Tloc           38%        N/A       1%          2
b - Animate Skeleton      Necr           22%        N/A       4%          1

Your spell library contained the following spells:

 Spells                   Type           Power      Damage    Failure   Level
 Gell's Gravitas          Tloc           19%        N/A       3%          3
 Lesser Beckoning         Tloc           19%        N/A       3%          3
 Teleport Other           Tloc           19%        N/A       3%          3
 Foxfire                  Conj/Fire      44%        2x1d6     4%          1
 Pain                     Necr           44%        1d6       4%          1
 Passage of Golubria      Tloc           19%        N/A       12%         4
 Inner Flame              Hex/Fire       11%        N/A       14%         3
 Tukima's Dance           Hex            11%        N/A       14%         3
 Vampiric Draining        Necr           11%        2d6       14%         3
 Manifold Assault         Tloc           19%        N/A       34%         5
 Animate Dead             Necr           5%         N/A       41%         4
 Cause Fear               Hex            5%         N/A       41%         4
 Leda's Liquefaction      Hex/Erth       5%         N/A       41%         4
 Agony                    Necr           11%        N/A       77%         5
 Excruciating Wounds      Necr           5%         N/A       77%         5
 Lee's Rapid Deconstruct  Erth           5%         3d7*      77%         5
 Yara's Violent Unravell  Hex/Tmut       5%         3d4       77%         5
 Statue Form              Tmut/Erth      7%         N/A       100%        6
 Haunt                    Necr/Summ      5%         N/A       100%        7
 Discord                  Hex            5%         N/A       100%        8
 Infestation              Necr           5%         N/A       100%        8


Dungeon Overview and Level Annotations

Branches:
Dungeon (7/15)              Sewer (visited)
 Temple: D:4-7

Altars:

Shops:
D:2 !   D:5 [

Annotations:
D:6 exclusion: hydra


Innate Abilities, Weirdness & Mutations

You have very sharp teeth.
Your uncanny sense of smell can sniff out nearby items.
Your experience applies equally to all skills.


Message History

The orc priest shouts!
The orc priest mumbles some strange prayers to Beogh against you.
Beogh smites you!
The orc warrior shouts!
You hear a shout!
An orc comes into view. It is wielding a +0 morningstar.
The orc misses you. The orc closely misses you.
The orc priest calls down the wrath of Beogh upon you.
Beogh smites you!
You hit the orc. You freeze the orc.
You kill the orc!
The orc warrior barely misses you.
You see here a +0 trident.
You closely miss the orc warrior. The orc warrior barely misses you.
You barely miss the orc warrior. The orc warrior misses you.
You barely miss the orc warrior. Your punch misses the orc warrior.
The orc warrior hits you with a +0 dire flail!
You barely miss the orc warrior.
The orc priest casts a cantrip, but nothing happens.
You hit the orc warrior but do no damage.
Your punch misses the orc warrior. Your bite misses the orc warrior.
The orc warrior hits you with a +0 dire flail.
You hit the orc warrior. You freeze the orc warrior.
The orc warrior is moderately wounded.
The orc warrior closely misses you.
You hit the orc warrior. You freeze the orc warrior.
You bite the orc warrior, but do no damage.
The orc warrior is moderately wounded.
The orc warrior closely misses you.
You closely miss the orc warrior.
The orc warrior is moderately wounded.
The orc warrior hits you with a +0 dire flail!!
The orc priest mumbles some strange prayers to Beogh against you.
Beogh smites you!
* * * LOW HITPOINT WARNING * * *
There is a stone staircase leading up here.
The orc priest invokes the aid of Beogh against you.
Beogh smites you!
You die...

. ...
########$....
#@oo.o.......
########.....
#..


You could see an orc warrior, an orc priest and an orc.

Vanquished Creatures
  Sigmund (D:6)
  Edmund (D:5)
  An orc warrior (D:6)
  Pargi (Sewer)
  2 ogres
  A phantom (D:3)
  A bullfrog (D:6)
  3 scorpions
  4 howler monkeys (D:5)
  2 orc priests
  2 hounds
  2 bullfrog skeletons (D:6)
  2 iguanas (D:5)
  4 orc wizards
  A hound skeleton (D:4)
  A howler monkey zombie (D:5)
  18 gnolls
  A howler monkey skeleton (D:6)
  6 adders
  A shadow imp (D:6)
  A white imp (D:5)
  2 worms
  3 dart slugs
  35 orcs
  10 ball pythons
  8 bats
  7 endoplasms
  5 giant cockroaches
  4 goblins
  4 hobgoblins
  18 jackals
  8 kobolds
  4 quokkas
  5 frilled lizards
  3 rats
172 creatures vanquished.

Vanquished Creatures (others)
  26 plants
26 creatures vanquished.

Grand Total: 198 creatures vanquished

Notes
Turn   | Place    | Note
-------+----------+-------------------------------------------
     0 | D:1      | Ablot the Gnoll Warper began the quest for the Orb.
     0 | D:1      | Reached XP level 1. HP: 20/20 MP: 6/6
    84 | D:1      | Reached XP level 2. HP: 25/26 MP: 7/7
    87 | D:1      | Learned a level 2 spell: Blink
   753 | D:1      | Reached XP level 3. HP: 20/31 MP: 9/9
   758 | D:1      | Reached skill level 5 in Spellcasting
  1344 | D:1      | Reached skill level 1 in Invocations
  1639 | D:2      | Identified the +7 hunting sling of Xipir {vorpal, rPois
                  | Will++ Str+3}
  1777 | D:2      | Found Ledoc's Distillery.
  1780 | D:2      | Bought a potion of heal wounds for 70 gold pieces
  1811 | D:2      | Found a faded altar of an unknown god.
  1841 | D:2      | Got Plato's Grimoire of the Volcanoes
  1940 | D:2      | Reached skill level 1 in Short Blades
  1940 | D:2      | Reached skill level 1 in Long Blades
  1940 | D:2      | Reached skill level 1 in Axes
  1940 | D:2      | Reached skill level 1 in Maces & Flails
  1940 | D:2      | Reached skill level 1 in Staves
  1940 | D:2      | Reached skill level 1 in Slings
  1940 | D:2      | Reached skill level 1 in Bows
  1940 | D:2      | Reached skill level 1 in Crossbows
  1940 | D:2      | Reached skill level 1 in Stealth
  1940 | D:2      | Reached skill level 1 in Shields
  1940 | D:2      | Reached skill level 1 in Unarmed Combat
  1940 | D:2      | Reached skill level 1 in Evocations
  1940 | D:2      | Reached XP level 4. HP: 15/38 MP: 8/11
  2198 | D:2      | Reached skill level 1 in Conjurations
  2198 | D:2      | Reached skill level 1 in Hexes
  2198 | D:2      | Reached skill level 1 in Summonings
  2198 | D:2      | Reached skill level 1 in Necromancy
  2198 | D:2      | Reached skill level 1 in Transmutations
  2198 | D:2      | Reached skill level 1 in Fire Magic
  2198 | D:2      | Reached skill level 1 in Ice Magic
  2198 | D:2      | Reached skill level 1 in Air Magic
  2198 | D:2      | Reached skill level 1 in Earth Magic
  2198 | D:2      | Reached skill level 1 in Poison Magic
  2209 | D:2      | Reached XP level 5. HP: 43/43 MP: 12/12
  2766 | D:3      | Noticed a phantom
  2775 | D:3      | Killed a phantom
  3030 | D:3      | Found a glowing drain.
  3058 | Sewer    | Entered a sewer
  3161 | Sewer    | Noticed Pargi
  3175 | Sewer    | Killed Pargi
  3176 | Sewer    | Reached skill level 5 in Fighting
  3176 | Sewer    | Reached skill level 5 in Polearms
  3176 | Sewer    | Reached skill level 5 in Dodging
  3176 | Sewer    | Reached XP level 6. HP: 13/51 MP: 11/14
  4685 | D:5      | Entered Level 5 of the Dungeon
  5029 | D:5      | Reached XP level 7. HP: 55/56 MP: 15/15
  5756 | D:4      | Reached XP level 8. HP: 63/63 MP: 16/16
  6158 | D:5      | Found Emaewuxauw's Armour Shoppe.
  6881 | D:5      | Noticed Edmund
  6894 | D:5      | Killed Edmund
  7336 | D:6      | Learned a level 1 spell: Animate Skeleton
  7424 | D:6      | Noticed Sigmund
  7438 | D:6      | Killed Sigmund
  7667 | D:6      | Reached XP level 9. HP: 69/69 MP: 18/18
  7690 | D:6      | Noticed a seven-headed hydra
  8443 | D:6      | Identified the +5 short sword of the Gloaming {freeze,
                  | rPois}
  8762 | D:7      | Killed from afar by an orc priest

Illustrated notes

Levels and vault maps discovered:
D:1:      psy_arrival_radial02, layout_basic, st_stairs_9
D:2:      layout_rooms, shapermc_ecumenical_altar_rom_forum, serial_shops, shop,
          chequers_serial_rivers_micro_b, chequers_big_river
D:3:      layout_loops_ring, cheibrodos_sewer_entry_sluice
D:4:      layout_basic
D:5:      lemuel_castle_with_subvaults [lemuel_castle_interior_carwin_3],
          layout_rooms, serial_shops, shop, uniq_edmund
D:6:      layout_layer_cave, nicolae_concentric_dashed_squares_mild,
          serial_bayou_lagoon_a, uniq_sigmund
D:7:      hangedman_cross_stitches, layout_basic, minmay_temple_entry_fiery,
          serial_shops, nicolae_shop_statue_plus, nicolae_wooded_promenade,
          minmay_fractal_squares_gapless_5

Skill      XL: |  1  2  3  4  5  6  7  8 |
---------------+-------------------------+-----
Spellcasting   | 5 6 |  6.4
Invocations    | 1 2 3 4 |  4.3
Short Blades   | 1 2 3 |  3.9
Long Blades    | 1 2 3 |  3.9
Axes           | 1 2 3 |  3.9
Maces & Flails | 1 2 3 |  3.9
Staves         | 1 2 3 |  3.9
Slings         | 1 2 3 |  3.9
Bows           | 1 2 3 |  3.9
Crossbows      | 1 2 3 |  3.9
Stealth        | 1 2 3 |  3.9
Shields        | 1 2 3 |  3.9
Unarmed Combat | 1 2 3 |  3.9
Evocations     | 1 2 3 |  3.9
Conjurations   | 1 2 3 |  3.2
Hexes          | 1 2 3 |  3.2
Summonings     | 1 2 3 |  3.2
Necromancy     | 1 2 3 |  3.2
Transmutations | 1 2 3 |  3.2
Fire Magic     | 1 2 3 |  3.2
Ice Magic      | 1 2 3 |  3.2
Air Magic      | 1 2 3 |  3.2
Earth Magic    | 1 2 3 |  3.2
Poison Magic   | 1 2 3 |  3.2
Throwing       | 3 4 |  4.8
Armour         | 3 4 |  4.8
Fighting       | 5 6 |  6.1
Polearms       | 5 6 |  6.1
Dodging        | 5 6 |  6.1
Translocations | 6 |  6.4

Action                   |  1- 3 |  4- 6 |  7- 9 || total
-------------------------+-------+-------+-------++-------
Melee: Spear             |   182 |   149 |       ||   331
       Bite              |    16 |    16 |    12 ||    44
       Punch             |     5 |     2 |       ||     7
       Trident           |       |       |   121 ||   121
       Short sword       |       |       |     9 ||     9
 Fire: Hunting sling     |     2 |    69 |   180 ||   251
 Cast: Blink             |     1 |     1 |     2 ||     4
 Stab: Sleeping          |     2 |     1 |     1 ||     4
       Distracted        |       |     1 |       ||     1
Armor: Leather armour    |    41 |    33 |       ||    74
       Robe              |       |       |    40 ||    40
Dodge: Dodged            |    87 |    94 |   146 ||   327
Block: Other             |       |       |    45 ||    45
